 Dungeon Crawl Stone Soup version 0.26.1-2-gb8aa6d0cf2 (webtiles) character file.

Game seed: 14610728246379076582

4939 DasRunzen the Conjurer (level 10, -3/91 HPs)
             Began as a Demigod Conjurer on Feb 11, 2021.
             Slain by a death yak (28 damage)
             ... on level 7 of the Dungeon.
             The game lasted 00:23:07 (11557 turns).

DasRunzen the Conjurer (Demigod Conjurer)          Turns: 11557, Time: 00:23:08

Health: -3/91      AC:  5    Str: 16    XL:     10   Next: 7%
Magic:  14/22      EV: 15    Int: 22    God:
Gold:   371        SH:  0    Dex: 14    Spells: 17/20 levels left

rFire    . . .     SeeInvis +   q - +5 spear of Greed {protect, *Rage rN+ SInv}
rCold    . . .     Faith    .   (no shield)
rNeg     + . .     Spirit   .   v - +2 robe {Will+}
rPois    +         Reflect  .   (no helmet)
rElec    .         Harm     .   m - +0 cloak
rCorr    .         Rampage  .   (no gloves)
Will     +++..     Rnd*Rage +   (no boots)
Stlth    ++........             (no amulet)
HPRegen  0.25/turn              e - ring of poison resistance
MPRegen  0.18/turn              c - ring of willpower

@: no status effects
A: high mp 1, robust 1, wild magic 1
a: no special abilities


You were on level 7 of the Dungeon.
You visited 1 branch of the dungeon, and saw 8 of its levels.
You also visited: Sewer.

You collected 555 gold pieces.
You spent 184 gold pieces at shops.

Inventory:

Hand Weapons
 h - a +5 long sword
 q - the +5 spear of Greed (weapon) {protect, *Rage rN+ SInv}
   (You bought it in a shop on level 5 of the Dungeon)

   It grants its wielder temporary protection when it strikes (+7 to AC).
   It protects you from negative energy.
   It lets you see invisible.
   It may make you go berserk in combat.
Armour
 m - a +0 cloak (worn)
 v - a +2 robe of willpower (worn)
Jewellery
 c - a ring of willpower (right hand)
 e - a ring of poison resistance (left hand)
 x - an uncursed ring of positive energy
Wands
 a - a wand of polymorph (12)
 j - a wand of digging (6)
Scrolls
 g - 8 scrolls of remove curse
 n - 3 scrolls of teleportation
 p - a scroll of enchant weapon
 r - a scroll of amnesia
 s - 2 scrolls of magic mapping
 w - 2 scrolls of fog
Potions
 b - 2 potions of flight
 d - 2 potions of might
 f - 3 potions of brilliance
 i - 5 potions of curing
 k - 4 potions of ambrosia {unknown}
 l - a potion of invisibility {unknown}
 o - 2 potions of magic {unknown}
 t - a potion of attraction {unknown}
 u - a potion of resistance {unknown}


   Skills:
 + Level 6.0 Fighting
 + Level 3.3 Long Blades
 + Level 5.8 Armour
 + Level 6.2 Dodging
 - Level 1.7 Stealth
 + Level 5.7 Spellcasting
 + Level 7.0 Conjurations


You had 17 spell levels left.
You knew the following spells:

 Your Spells              Type           Power        Failure   Level
a - Magic Dart            Conj           100%         1%          1
b - Searing Ray           Conj           96%          1%          2

Your spell library contained the following spells:

 Spells                   Type           Power        Failure   Level
 Dazzling Flash           Conj/Hex       56%          11%         3
 Corona                   Hex            8%           14%         1
 Ensorcelled Hibernation  Hex/Ice        16%          21%         2
 Fulminant Prism          Conj/Hex       14%          30%         4
 Iskenderun's Mystic Bla  Conj/Tloc      28%          30%         4
 Confusing Touch          Hex            8%           36%         3
 Gell's Gravitas          Tloc           4%           36%         3
 Tukima's Dance           Hex            8%           36%         3
 Petrify                  Tmut/Erth      8%           75%         4
 Metabolic Englaciation   Hex/Ice        4%           97%         5
 Yara's Violent Unravell  Hex/Tmut       4%           97%         5


Dungeon Overview and Level Annotations

Branches:
Dungeon (8/15)             Temple (0/1) D:6            Lair (0/6) D:8
  Sewer (visited)

Shops:
D:5 *(


Innate Abilities, Weirdness & Mutations

You have an increased reservoir of magic. (+10% MP)
You are robust. (+10% HP)
Your spells are a little harder to cast, but a little more powerful.


Message History

The searing ray hits the death yak.
The death yak is heavily wounded.
You finish channeling your searing ray.
The death yak closely misses you.
Casting: Searing Ray (safe; 1% risk of failure)
Confirm with . or Enter, or press ? or * to list all spells.
Aiming: Searing Ray (safe; 1% risk of failure)
Press: ? - help, Shift-Dir - straight line, f/p - death yak
Aim: a death yak (heavily wounded, 6% to evade)
The searing ray hits the death yak!
The death yak is heavily wounded. (Press . to maintain the ray.)
The death yak closely misses you.
The searing ray hits the death yak!
The death yak is severely wounded.
The death yak gores you!
* * * LOW HITPOINT WARNING * * *
The searing ray hits the death yak.
The death yak is severely wounded.
The death yak gores you!!
You die...

#...####.........#
####....'.........###
#.....###...........#
#.##....#...#.#####.#
#.##..).....#.# #...#####
#.....#.......# #.......#
#.......#...### #.......#
###....#.#...#####.......#
#.....>.Y@...............+
#.......##########.......#
#.##......................
#.#<.....#########.......#
#....#.......(..##.......#
#)#.###########.##.#'###..
#.....................##..
####.##.########.##.#####..
#....##.#....# #.##.# #..


You could see a death yak.

Vanquished Creatures
  A hydra (D:8)
  A two-headed ogre (D:8)
  Psyche (D:8)
  Edmund (D:6)
  An ice beast (D:6)
  2 orc warriors
  A phantom (D:7)
  2 ogres
  7 big kobolds
  7 bullfrogs
  A water moccasin zombie (D:5)
  2 scorpions
  5 wights (D:7)
  5 killer bees (D:3)
  5 jellies (D:8)
  A quasit (D:3)
  5 orc priests
  Crazy Yiuf (D:4)
  5 hounds
  3 orc wizards
  An iguana (D:7)
  5 worker ants
  A killer bee zombie (D:5)
  A hound zombie (D:7)
  Robin (D:2)
  2 worker ant zombies
  12 adders
  A gnoll (D:1)
  5 river rats
  A shadow imp (D:5)
  A white imp (D:8)
  An ufetubus (D:8)
  4 oozes (Sewer)
  An adder skeleton (D:5)
  2 worms
  5 dart slugs
  7 leopard geckos
  14 orcs
  12 ball pythons
  9 giant cockroaches
  6 hobgoblins
  6 jackals
  5 quokkas
  A ball python skeleton (D:6)
  5 bats
  6 frilled lizards
  16 goblins
  A jackal skeleton (D:4)
  17 kobolds
  14 rats
220 creatures vanquished.

Notes
Turn   | Place    | Note
-------+----------+-------------------------------------------
     0 | D:1      | DasRunzen the Demigod Conjurer began the quest for the Orb.
     0 | D:1      | Reached XP level 1. HP: 14/14 MP: 5/5
   118 | D:1      | Reached XP level 2. HP: 22/22 MP: 1/7
   121 | D:1      | Learned a level 2 spell: Searing Ray
  1165 | D:1      | Reached skill level 1 in Fighting
  1259 | D:1      | Reached skill level 1 in Armour
  1649 | D:2      | Reached XP level 3. HP: 26/28 MP: 8/8
  2267 | D:2      | Found a white marble altar of Elyvilon.
  2456 | D:2      | Noticed Robin
  2460 | D:2      | Killed Robin
  2461 | D:2      | Reached skill level 4 in Conjurations
  2461 | D:2      | Reached XP level 4. HP: 35/35 MP: 2/10
  2466 | D:2      | Found a white marble altar of Elyvilon.
  3186 | D:3      | Found a faded altar of an unknown god.
  3197 | D:3      | Reached XP level 5. HP: 23/41 MP: 5/11
  3198 | D:3      | Reached XP level 6. HP: 27/50 MP: 3/13
  4920 | D:4      | Reached XP level 7. HP: 57/57 MP: 8/15
  5336 | D:4      | Found a runed translucent door.
  5337 | D:4      | Noticed Crazy Yiuf
  5508 | D:4      | Found a radiant altar of Vehumet.
  5512 | D:4      | Found a burning altar of Makhleb.
  5519 | D:4      | Found a bloodstained altar of Trog.
  5919 | D:4      | Killed Crazy Yiuf
  5920 | D:4      | Reached skill level 5 in Conjurations
  6004 | D:5      | Entered Level 5 of the Dungeon
  6029 | D:5      | Found a sacrificial altar of Ru.
  6030 | D:5      | Found a glowing golden altar of the Shining One.
  6067 | D:5      | Found a glowing drain.
  6084 | Sewer    | Entered a sewer
  7015 | Sewer    | Reached XP level 8. HP: 65/66 MP: 11/17
  7315 | D:5      | Found Deom Pirph's Mass Market.
  7634 | D:5      | Found Iguleudi's Antique Weapon Boutique.
  7637 | D:5      | Bought an ancient spear for 184 gold pieces
  7637 | D:5      | Identified the +5 spear of Greed {protect, *Rage rN+ SInv}
                  | (You bought it in a shop on level 5 of the Dungeon)
  8416 | D:6      | Gained mutation: Your spells are a little harder to cast,
                  | but a little more powerful. [potion of mutation]
  8416 | D:6      | Gained mutation: You are robust. (+10% HP) [potion of
                  | mutation]
  8580 | D:6      | Noticed Edmund
  8587 | D:6      | Killed Edmund
  8675 | D:6      | Found a staircase to the Ecumenical Temple.
  8854 | D:6      | Reached skill level 5 in Dodging
  9184 | D:6      | Found a hazy altar of Hepliaklqana.
  9235 | D:6      | Reached skill level 6 in Conjurations
 10128 | D:7      | Reached skill level 1 in Long Blades
 10128 | D:7      | Reached XP level 9. HP: 73/80 MP: 14/19
 10334 | D:7      | Reached skill level 5 in Fighting
 10482 | D:7      | Reached skill level 5 in Armour
 10482 | D:7      | Reached skill level 5 in Spellcasting
 10697 | D:8      | Noticed a five-headed hydra
 10792 | D:8      | Noticed Psyche
 10801 | D:8      | Killed Psyche
 10878 | D:8      | Found a viscous altar of Jiyva.
 11000 | D:8      | Killed a five-headed hydra
 11388 | D:8      | Noticed a two-headed ogre
 11408 | D:8      | Killed a two-headed ogre
 11409 | D:8      | Reached skill level 7 in Conjurations
 11409 | D:8      | Reached XP level 10. HP: 68/91 MP: 13/22
 11520 | D:8      | Found a staircase to the Lair.
 11523 | D:8      | Noticed a death yak
 11524 | D:8      | Noticed a death yak
 11524 | D:8      | Noticed a death yak
 11557 | D:7      | Slain by a death yak

Illustrated notes

Levels and vault maps discovered:
D:1:      saegor_arrival_simple_d, layout_loops_corners
D:2:      layout_basic, general_overflow_altar, elyvilon_altar_3, uniq_robin
D:3:      layout_loops_ring, chequers_ecumenical_altar_island,
          kennysheep_generic_room_3
D:4:      layout_loops_ring, grunt_temple_overflow_diamond, grunt_ministairs_15,
          uniq_crazy_yiuf_cottage
D:5:      layout_basic, gammafunk_temple_overflow_pools, portal_sewer_entry_e,
          serial_shops, nicolae_shop_behind_doors, minmay_shop_mass,
          skrybe_limestone_x
D:6:      layout_gridville, nzn_hepliaklqana_mist_gate,
          minmay_temple_entry_grid, uniq_edmund
D:7:      layout_basic
D:8:      minmay_klotski, layout_basic, dpeg_lair_monsters, jiyva_altar_1,
          uniq_psyche

Skill      XL: |  1  2  3  4  5  6  7  8  9 |
---------------+----------------------------+-----
Dodging        | 2 3 4 5 6 |  6.2
Spellcasting   | 2 3 4 5 |  5.7
Fighting       | 1 2 3 4 6 |  6.0
Armour         | 1 2 3 4 5 |  5.8
Conjurations   | 4 5 6 7 |  7.0
Long Blades    | 1 3 |  3.3
Stealth        | |  1.7

Action                   |  1- 3 |  4- 6 |  7- 9 | 10-12 || total
-------------------------+-------+-------+-------+-------++-------
Melee: Spear             |    37 |   120 |   325 |     1 ||   483
 Cast: Magic Dart        |    56 |     6 |     5 |       ||    67
       Searing Ray       |     3 |    12 |    52 |     2 ||    69
  Use: Scroll            |     5 |     6 |     8 |       ||    19
       Potion            |       |       |     1 |       ||     1
 Stab: Sleeping          |     3 |     6 |     5 |       ||    14
Armor: Robe              |     6 |    11 |    69 |       ||    86
Dodge: Dodged            |    23 |    87 |   266 |     3 ||   379
